cohdb
Replays
Latest Replays
All Replays
Popular Replays
Top Player Replays
Match Explorer
How It Works
Community
CoH3 Stats
Reddit
Sign in to upload your games and track your stats! →
Sign in with Steam
Match 40127146
Unlisted
Match 40127146
Overview
Messages
Build Orders
End
Panzerpioneer Squad
Selects Battlefield Espionage Battlegroup
Selects Sector Subterfuge Beacon
250 Light Carrier
250 Light Carrier
250 Light Carrier
Construct Light Support Kompanie
Construct Mechanized Kompanie
Construct Panzerarmee Kommand
Selects Transfer Depots
Selects Firestorm
Panzer III L Medium Tank
Emergency Repair Kits
Panzer III L Medium Tank
Rapid Advance
Vehicle Survival Package
Panzer III L Medium Tank
Selects 250/3 Funkpanzerwagen
Selects Anti-Tank Incendiary Munitions
Support Armor Elements
18-tonne Recovery Half-track
Firestorm
Selects Operation Skorpion
Operation Skorpion
Павел NF
Og du kan dø?
HolyMolyEmpire
Particycles
Pilkas
warmachineultra
0
0
Comments
sign in to comment!
No comments posted yet!